 Dungeon Crawl Stone Soup version 0.29.0-4-gdea44cf6ec (webtiles) character file.

Game seed: 8030137382924324344

81 qw the Chopper (level 4, 0/26 HPs)
             Began as a Tengu Warper on Aug 28, 2022.
             Succumbed to their own poison gas
             ... on level 2 of the Dungeon.
             The game lasted 00:00:15 (2939 turns).

qw the Chopper (Tengu Warper)                       Turns: 2939, Time: 00:00:16

Health: 0/26       AC: 14    Str: 13    XL:     4   Next: 40%
Magic:  8/8        EV:  6    Int: 14    God:
Gold:   82         SH:  0    Dex: 13    Spells: 7/7 levels left

rFire   + . .      SeeInvis .   Y - +1 hand axe
rCold   . . .      Faith    .   (no shield)
rNeg    + . .      Spirit   .   h - +0 chain mail
rPois   .          Reflect  .   (helmet restricted)
rElec   .          Harm     .   k - +2 cloak "Byessafo" {rN+}
rCorr   +          Rampage  .   m - +0 pair of gloves
Will    .....                   (boots unavailable)
Stlth   ..........              (no amulet)
HPRegen 0.08/turn               e - ring of resist corrosion
MPRegen 0.11/turn               (no ring)

@: lethally poisoned (0 -> -4)
A: beak, talons 3, iridescent scales 1, fire resistance 1
a: no special abilities


You were on level 2 of the Dungeon.
You visited 1 branch of the dungeon, and saw 2 of its levels.

You collected 151 gold pieces.
You spent 69 gold pieces at shops.


Innate Abilities, Weirdness & Mutations

You have a beak for a mouth.
You have claws for feet.
You are partially covered in iridescent scales. (AC +2)
Your flesh is heat resistant. (rF+)


   Skills:
 - Level 2.0 Fighting
 - Level 5.0 Axes
 - Level 1.0 Throwing
 + Level 1.1 Armour
 - Level 2.1 Dodging
 - Level 2.0 Spellcasting
 - Level 2.4 Translocations


You had 7 spell levels left.
You didn't know any spells.
Your spell library contained the following spells:

 Spells                   Type           Power      Damage    Failure   Level
 Blink                    Tloc           16%        N/A       99%         2
 Gell's Gravitas          Tloc           8%         N/A       100%        3
 Lesser Beckoning         Tloc           8%         N/A       100%        3
 Teleport Other           Tloc           8%         N/A       100%        3
 Manifold Assault         Tloc           8%         N/A       100%        5

Inventory:

Hand Weapons
 c - a +0 mace
 Y - a +1 hand axe (weapon)
Armour
 h - a +0 chain mail (worn)
 k - the +2 cloak "Byessafo" (worn) {rN+}
   (You found it on level 2 of the Dungeon)

   rN:        It protects you from negative energy.
 m - a +0 pair of gloves (worn)
Jewellery
 e - a ring of resist corrosion (left hand)
Potions
 b - a potion of mutation
 f - a potion of curing {unknown}
 g - a potion of heal wounds {unknown}
 i - a potion of lignification {unknown}
 j - a potion of attraction {unknown}
 l - a potion of berserk rage {unknown}

Dungeon Overview and Level Annotations

Branches:
Dungeon (2/15)

Altars:

Shops:
D:2 [(!


Message History

As you read the scroll labelled BESSUXZEYNT, it crumbles to dust.
You feel strangely unstable.
It was a scroll of teleportation.
You start waiting.
Your surroundings suddenly seem different.
Done exploring.
2929 ||| READING scroll labelled BUPIYN XIEMYIN.
The air fills with toxic fumes!
As you read the scroll labelled BUPIYN XIEMYIN, it crumbles to dust.
It was a scroll of poison.
Done exploring.
2930 ||| DRINKING 2 golden potions.
It was a potion of mutation.
You feel extremely strange.
You feel resistant to heat.
Iridescent scales grow over part of your body.
Done exploring.
(D) Dungeon
Where to? (* - list waypoints, Enter - D:2, ? - help)
What level of the Dungeon? (default 1, ? - help) Sorry, I don't know how to get there.
Done exploring.
2931 ||| Stepping randomly (stuck).
Really walk into that cloud of poison gas?
You are engulfed in poison gas.
You are poisoned.
You feel very sick.
2932 ||| Stepping ~*~*~tactically~*~*~ (cloud).
You feel very sick.
There is a lethal amount of poison in your body!
You feel very sick.
There is a lethal amount of poison in your body!
You feel very sick.
There is a lethal amount of poison in your body!
You feel sick.
There is a lethal amount of poison in your body!
You feel sick.
There is a lethal amount of poison in your body!
You feel sick.
There is a lethal amount of poison in your body!
You feel sick.
There is a lethal amount of poison in your body!
You die...

#.# #.# #.# #.# #####.##
#.######.####.#
#....(.########¤##..........#
#.###........#000#.##########
#.# ##.#####.0..00.## #<# #.#
#...¤0¤.#.## #.####.#
#...¤00###.# #......#
#...#0#.#.## ########
#####@##.## #0#### #¤# #¤#
######## #¤# #......#
#.####### #.####.# #00.....#
#.####.####00####.#
#.#...............########


There were no monsters in sight!

Vanquished Creatures
  Terence (D:2)
  4 dart slugs
  4 ball pythons
  6 endoplasms
  2 giant cockroaches (D:1)
  5 goblins
  5 hobgoblins
  2 quokkas
  4 bats
  2 frilled lizards
  5 kobolds
  4 rats
44 creatures vanquished.

Notes
Turn   | Place    | Note
-------+----------+-------------------------------------------
     0 | D:1      | qw the Tengu Warper began the quest for the Orb.
     0 | D:1      | Reached XP level 1. HP: 12/12 MP: 4/4
     0 | D:1      | 0 ||| qw: Version: 0.1-a-89-g26bdef1
     0 | D:1      | 0 ||| qw: Game counter: 2058
     0 | D:1      | 0 ||| qw: Always use a shield: true
     0 | D:1      | 0 ||| qw: God list: Okawaru
     0 | D:1      | 0 ||| qw: Allow faded altars: false
     0 | D:1      | 0 ||| qw: Do Orc after D:15 true
     0 | D:1      | 0 ||| qw: Do second Lair branch before Depths: true
     0 | D:1      | 0 ||| qw: Lair rune preference: random
     0 | D:1      | 0 ||| qw: Plans: Normal
     0 | D:1      | 0 ||| PLANNING D:1-11
    12 | D:1      | 12 ||| Stepping ~*~*~tactically~*~*~ (stealth).
   139 | D:1      | Reached XP level 2. HP: 15/17 MP: 6/6
   141 | D:1      | Reached skill level 3 in Axes
   143 | D:1      | HP: 3/17 [hobgoblin (2)]
   416 | D:1      | Found a faded altar of an unknown god.
   457 | D:1      | HP: 4/17 [ball python (3)]
   754 | D:1      | 754 ||| Stepping ~*~*~tactically~*~*~ (stealth).
   755 | D:1      | 755 ||| Stepping ~*~*~tactically~*~*~ (stealth).
   757 | D:1      | 757 ||| Stepping ~*~*~tactically~*~*~ (stealth).
   758 | D:1      | 758 ||| Stepping ~*~*~tactically~*~*~ (stealth).
   762 | D:1      | 762 ||| Stepping ~*~*~tactically~*~*~ (stealth).
   763 | D:1      | 763 ||| Stepping ~*~*~tactically~*~*~ (stealth).
   764 | D:1      | 764 ||| Stepping ~*~*~tactically~*~*~ (stealth).
   837 | D:1      | Reached XP level 3. HP: 16/21 MP: 7/7
   926 | D:1      | 926 ||| Stepping ~*~*~tactically~*~*~ (hiding).
  1013 | D:1      | 1013 ||| Stepping ~*~*~tactically~*~*~ (hiding).
  1016 | D:1      | 1016 ||| Stepping ~*~*~tactically~*~*~ (hiding).
  1025 | D:1      | Reached skill level 4 in Axes
  1381 | D:1      | 1381 ||| UPGRADING to +0 scale mail.
  1391 | D:1      | 1391 ||| DROPPING +0 leather armour.
  1392 | D:1      | 1392 ||| UPGRADING to +0 chain mail.
  1402 | D:1      | 1402 ||| DROPPING +0 scale mail.
  1403 | D:1      | 1403 ||| READING scroll labelled DIDDEGAHAJ.
  1404 | D:1      | 1404 ||| READING scroll labelled KUN YCEACLEH.
  1405 | D:1      | 1405 ||| DROPPING scroll of blinking.
  1588 | D:2      | 1588 ||| Stepping ~*~*~tactically~*~*~ (hiding).
  1809 | D:2      | Found Utehoh's Antique Weapon Shoppe.
  1810 | D:2      | Found Nix Gaxao's Distillery.
  1818 | D:2      | 1818 ||| SHOPLISTING crude war axe (195 gold, have 79).
  1818 | D:2      | 1818 ||| SHOPLISTING glowing flail (149 gold, have 79).
  1818 | D:2      | 1818 ||| BUYING mace (69 gold).
  1818 | D:2      | Bought a mace for 69 gold pieces
  1818 | D:2      | 1818 ||| SHOPLISTING runed flail (149 gold, have 10).
  1818 | D:2      | 1818 ||| DROPPING +0 club.
  1861 | D:2      | 1861 ||| SHOPLISTING 2 potions of curing (60 gold, have
                  | 10).
  1861 | D:2      | 1861 ||| SHOPLISTING potion of haste (100 gold, have 10).
  1861 | D:2      | 1861 ||| SHOPLISTING potion of heal wounds (50 gold, have
                  | 10).
  1917 | D:2      | Noticed Terence
  1925 | D:2      | HP: 4/21 [Terence/+0 mace (4)]
  1929 | D:2      | Killed Terence
  1930 | D:2      | Reached XP level 4. HP: 5/26 MP: 8/8
  2197 | D:2      | Identified the +2 cloak "Byessafo" {rN+}
  2329 | D:2      | Found Hucas's Armour Shop.
  2650 | D:2      | Reached skill level 5 in Axes
  2914 | D:2      | 2914 ||| UPGRADING to +2 cloak "Byessafo" {rN+}.
  2919 | D:2      | 2919 ||| UPGRADING to +0 pair of gloves.
  2924 | D:2      | 2924 ||| UPGRADING to ring of resist corrosion.
  2925 | D:2      | 2925 ||| READING scroll labelled BESSUXZEYNT.
  2929 | D:2      | 2929 ||| READING scroll labelled BUPIYN XIEMYIN.
  2930 | D:2      | 2930 ||| DRINKING 2 golden potions.
  2930 | D:2      | Gained mutation: Your flesh is heat resistant. (rF+)
                  | [potion of mutation]
  2930 | D:2      | Gained mutation: You are partially covered in iridescent
                  | scales. (AC +2) [potion of mutation]
  2931 | D:2      | 2931 ||| Stepping randomly (stuck).
  2932 | D:2      | 2932 ||| Stepping ~*~*~tactically~*~*~ (cloud).
  2934 | D:2      | HP: 5/26 [poisoned by you (poison gas)]
  2936 | D:2      | HP: 2/26 [poisoned by you (poison gas)]
  2939 | D:2      | Succumbed to their own poison gas

Levels and vault maps discovered:
D:1:      dpeg_arrival_tiny_j, layout_rooms, hellmonk_ecumenical_altar_run_dry
D:2:      layout_loops_corners, serial_shops, nicolae_square_shop,
          nicolae_shop_window_shopping, shop, serial_aquarium,
          aquarium_bridge_island_small [aquarium_subvault_small_water,
          aquarium_subvault_bridge, aquarium_subvault_bridge,
          aquarium_subvault_window, aquarium_subvault_window],
          aquarium_bridge_square [aquarium_subvault_bridge,
          aquarium_subvault_window, aquarium_subvault_bridge,
          aquarium_subvault_bridge], aquarium_window_1, aquarium_window_1,
          aquarium_view_2d, aquarium_balcony_double_4, aquarium_pool_split,
          minmay_fractal_squares_gapless_5, uniq_terence

Skill      XL: |  1  2  3  4 |
---------------+-------------+-----
Axes           | 3 4 5 |  5.0
Fighting       | |  2.0
Throwing       | |  1.0
Armour         | |  1.1
Dodging        | |  2.1
Spellcasting   | |  2.0
Translocations | |  2.4

Action                   |  1- 3 |  4- 6 || total
-------------------------+-------+-------++-------
Melee: Hand axe          |    96 |    15 ||   111
       Kick              |    21 |     1 ||    22
       Peck              |    14 |     4 ||    18
Throw: Boomerang         |     7 |       ||     7
  Use: Scroll            |     2 |     2 ||     4
       Potion            |       |     1 ||     1
Armor: Leather armour    |    12 |       ||    12
       Chain mail        |    36 |     6 ||    42
Dodge: Dodged            |    36 |     2 ||    38

Table legend:
 A = Non-vault XP
 B = Vault XP
 C = Vault XP percentage of total XP
 D = Non-vault monster count
 E = Vault monster count
 F = Vault count percentage of total count
                 A         B        C        D         E       F
            +---------+---------+-------+---------+---------+-------
      Total |      76 |      40 |  34.5 |      41 |       3 |   6.8
            +---------+---------+-------+---------+---------+-------
        D:1 |      52 |       0 |   0.0 |      27 |       0 |   0.0
        D:2 |      24 |      40 |  62.5 |      14 |       3 |  17.6
            +---------+---------+-------+---------+---------+-------
